 Dungeon Crawl Stone Soup version 0.18.1-8-gdd0e5ea (webtiles) character file.

3593 Hipnos the Arsonist (level 10, -9/64 HPs)
             Began as an Octopode Fire Elementalist on May 21, 2016.
             Was a Follower of Vehumet.
             Killed from afar by Erica (12 damage)
             ... with an orb of energy
             ... on level 8 of the Dungeon.
             The game lasted 00:38:24 (8781 turns).

Hipnos the Arsonist (Octopode Fire Elementalist)    Turns: 8781, Time: 00:38:24

Health: -9/64      AC:  2    Str:  7    XL:     10   Next: 10%
Magic:  9/18       EV: 18    Int: 21    God:    Vehumet [*.....]
Gold:   356        SH:  0    Dex: 18    Spells: 6 memorised, 4 levels left

rFire  + . .     SeeInvis .     E - +4 dagger
rCold  + + .     Gourm    +     (no shield)
rNeg   . . .     Faith    .     (helmet restricted)
rPois  .         Spirit   .     u - amulet of the gourmand
rElec  .         Dismiss  .     n - ring of sustain attributes
rCorr  .         Reflect  .     e - +5 ring of dexterity
SustAt +         Harm     .     A - ring of protection from cold
MR     +....                    i - ring of loudness (curse)
Stlth  +++.......               x - ring of protection from magic
                                L - ring of protection from fire
                                (no ring)
                                (no ring)

@: flying, very slightly contaminated, hasted, very quick, somewhat resistant to
hostile enchantments, fairly stealthy
A: almost no armour, amphibious, 8 rings, constrict 8, beak, icy blue scales 1,
camouflage 1, cold resistance 1, gelatinous body 1
a: Renounce Religion


You were on level 8 of the Dungeon.
You worshipped Vehumet.
Vehumet was aware of your devotion.
You were very full.

You visited 2 branches of the dungeon, and saw 9 of its levels.

You collected 386 gold pieces.
You spent 30 gold pieces at shops.

Inventory:

Hand Weapons
 y - a +0 dagger
 D - a +2 morningstar of venom
 E - a +4 dagger (weapon)
Jewellery
 e - a +5 ring of dexterity (right tentacle)
 i - a cursed ring of loudness (on tentacle)
 n - a ring of sustain attributes (left tentacle)
 u - an amulet of the gourmand (around mantle)
 x - a ring of protection from magic (on tentacle)
 A - a ring of protection from cold (on tentacle)
 H - an uncursed amulet of regeneration
 L - a ring of protection from fire (on tentacle)
Wands
 h - a wand of paralysis (10/24)
 k - a wand of digging (4/24)
 v - a wand of lightning (1/15)
 C - a wand of confusion (11/48)
 F - a wand of iceblast (5/15)
 K - a wand of slowing (36/48)
Scrolls
 d - 3 scrolls of random uselessness
 f - a scroll of recharging
 o - a scroll of enchant weapon {unknown}
 q - 2 scrolls of amnesia {unknown}
 r - a scroll of teleportation
 s - 2 scrolls of magic mapping {unknown}
 z - a scroll of blinking {unknown}
 B - 2 scrolls of identify
 I - a scroll of fear {unknown}
 J - a scroll of holy word {unknown}
 M - a scroll of fog
Potions
 g - 2 potions of agility
 j - a potion of cure mutation
 l - a potion of flight
Books
 a - a book of Flames

   Spells                             Type                      Level
   a - Flame Tongue                   Conjuration/Fire             1
   b - Throw Flame                    Conjuration/Fire             2
   c - Conjure Flame                  Conjuration/Fire             3
   d - Inner Flame                    Hexes/Fire                   3
   e - Sticky Flame                   Conjuration/Fire             4
   f - Fireball                       Conjuration/Fire             5
 w - a book of Alchemy

   Spells                             Type                      Level
   a - Sublimation of Blood           Necromancy                   2
   b - Ignite Poison                  Fire/Transmutation/Poison    3
   c - Petrify                        Transmutation/Earth          4
   d - Alistair's Intoxication        Transmutation/Poison         5
   e - Irradiate                      Conjuration/Transmutation    5
Comestibles
 b - 9 bread rations
 m - a slice of pizza
 p - 9 fruits
 t - 5 meat rations


   Skills:
 + Level 4.2 Fighting
 + Level 8.0 Dodging
 - Level 2.6 Stealth
 + Level 5.6 Spellcasting
 + Level 5.1 Conjurations
 * Level 8.4 Fire Magic


You had 4 spell levels left.
You knew the following spells:

 Your Spells              Type           Power        Failure   Level  Hunger
a - Flame Tongue          Conj/Fire      ####.        1%          1    None
b - Throw Flame           Conj/Fire      ####..       1%          2    None
c - Conjure Flame         Conj/Fire      ####....     1%          3    ##.....
d - Sticky Flame          Conj/Fire      ####....     8%          4    ####...
e - Fireball              Conj/Fire      ####......   21%         5    #####..
f - Sting                 Conj/Pois      ###.         4%          1    None


Dungeon Overview and Level Annotations

Branches:
Dungeon (8/15)             Temple (1/1) D:6
   Lair: D:8-11

Altars:
Ashenzari
Cheibriados
Dithmenos
Elyvilon
Fedhas
Gozag
Makhleb
Nemelex Xobeh
Okawaru
Pakellas
Qazlal
Ru
Sif Muna
Trog
Vehumet
Xom
Yredelemnul
Zin
The Shining One

Shops:
D:7 !

Annotations:
D:5 Menkaure
D:8 Erica


Innate Abilities, Weirdness & Mutations

You cannot wear most types of armour.
You are amphibious.
You can wear up to eight rings at the same time.
You can use your tentacles to constrict eight enemies at once.
Your skin changes colour to match your surroundings (Stealth).
Your rubbery body absorbs attacks (AC +1).
You have a beak for a mouth.
You are partially covered in icy blue scales (AC +1).
Your flesh is cold resistant.


Message History

Something hits you.
* * * LOW HITPOINT WARNING * * *
Drink which item? (? for menu, Esc to quit)
It was a potion of haste.
You feel yourself speed up.
You are very lightly contaminated with residual magic.
You feel sick.
There is an open door, spattered with blood here.
Things that are here:
a dagger; a killer bee corpse You feel sick.
You hear a distant slurping noise.
You found a shaft!
There is an open door here.
You reach down and close the door.
You feel sick.
You are no longer poisoned.
Something unseen opens the door.
An orb of energy appears from out of thin air!
The orb of energy hits you!
You die...

#......#+#####
#....).#....(#....#
#......'.....#....#
#......#.....#....#
#......###..##...# ##
#........#..##...##...
..........'.......'...
..........#.......#
........^.#.....@.#
..........#.......#
....$.....#.......#
##........#.##....#
#......###.##....##
...... ......[..#
..........#
#..........#
..##.....# ######


There were no monsters in sight!

Vanquished Creatures
  The ghost of georgeearnest the Cleaver, a novice HOGl of Beogh (D:7)
  The ghost of zeroDi the Covert, a novice VSAs of Okawaru (D:5)
  Sigmund (D:2)
  Edmund (D:4)
  An ice beast (D:8)
  2 phantoms
  A black bear (D:7)
  3 ogres
  A centaur (D:5)
  A big kobold (D:8)
  2 giant frogs
  2 scorpions (D:4)
  6 killer bees
  3 crimson imps
  2 giant frog zombies
  A giant frog skeleton (D:5)
  3 jellies (D:7)
  2 orc priests (D:6)
  6 hounds
  3 orc wizards
  Crazy Yiuf (D:4)
  A centaur skeleton (D:5)
  6 iguanas
  6 worker ants
  A worker ant zombie (D:6)
  Robin (D:4)
  7 gnolls
  5 adders
  2 shadow imps (D:6)
  An ooze (D:2)
  4 dart slugs
  3 worms
  7 giant geckos
  12 orcs
  4 giant cockroaches
  13 goblins
  14 hobgoblins
  7 jackals (D:1)
  6 kobolds
  3 quokkas
  2 bats (D:1)
  2 giant gecko skeletons
  3 giant newts
  A quokka skeleton (D:4)
  3 rats
158 creatures vanquished.

Vanquished Creatures (others)
  A fungus (D:4)
1 creature vanquished.

Grand Total: 159 creatures vanquished

Notes
Turn   | Place    | Note
--------------------------------------------------------------
     0 | D:1      | Hipnos the Octopode Fire Elementalist began the quest for the Orb.
     0 | D:1      | Reached XP level 1. HP: 11/11 MP: 3/3
    48 | D:1      | Reached XP level 2. HP: 6/17 MP: 1/5
    56 | D:1      | Learned a level 2 spell: Throw Flame
   994 | D:1      | Reached XP level 3. HP: 21/21 MP: 4/6
  1005 | D:1      | Learned a level 3 spell: Conjure Flame
  1650 | D:2      | Noticed Sigmund
  1668 | D:2      | Found a bloodstained altar of Trog.
  1838 | D:2      | Reached XP level 4. HP: 27/27 MP: 7/7
  1917 | D:2      | Found a white marble altar of Elyvilon.
  1917 | D:2      | Found a snail-covered altar of Cheibriados.
  2235 | D:3      | Found an oddly glowing altar of Pakellas.
  2805 | D:3      | Reached XP level 5. HP: 26/32 MP: 5/9
  3162 | D:3      | Found a sacrificial altar of Ru.
  3337 | D:4      | Reached skill level 1 in Fighting
  3535 | D:4      | Noticed Edmund
  3548 | D:4      | Noticed Robin
  3587 | D:3      | Gained mutation: You occasionally shout uncontrollably at your foes. [potion of mutation]
  3587 | D:3      | Gained mutation: Your natural rate of healing is unusually fast. [potion of mutation]
  3587 | D:3      | Gained mutation: One of your tentacles bears a spike. [potion of mutation]
  3653 | D:2      | Killed Sigmund
  3653 | D:2      | Reached skill level 5 in Fire Magic
  3653 | D:2      | Reached XP level 6. HP: 22/38 MP: 5/11
  3757 | D:4      | Killed Robin
  3924 | D:4      | Reached XP level 7. HP: 44/44 MP: 2/12
  3948 | D:4      | Killed Edmund
  4384 | D:4      | Found an iron altar of Okawaru.
  4506 | D:4      | Noticed Crazy Yiuf
  4513 | D:4      | Killed Crazy Yiuf
  4765 | D:5      | Entered Level 5 of the Dungeon
  4780 | D:5      | Reached XP level 8. HP: 23/51 MP: 13/13
  4898 | D:5      | Learned a level 4 spell: Sticky Flame
  4907 | D:5      | Noticed zeroDi's ghost (novice VSAs)
  4931 | D:5      | Lost mutation: One of your tentacles bears a spike. [potion of cure mutation]
  4931 | D:5      | Lost mutation: You occasionally shout uncontrollably at your foes. [potion of cure mutation]
  4931 | D:5      | Lost mutation: Your natural rate of healing is unusually fast. [potion of cure mutation]
  4968 | D:5      | Killed zeroDi's ghost
  4968 | D:5      | Reached skill level 5 in Dodging
  5255 | D:5      | Noticed a two-headed ogre
  5258 | D:5      | Noticed Menkaure
  6236 | D:6      | Found a glowing silver altar of Zin.
  6441 | D:6      | Found a staircase to the Ecumenical Temple.
  6461 | D:6      | You fall through a shaft for 2 floors!
  6464 | D:8      | Reached XP level 9. HP: 46/57 MP: 10/15
  6473 | D:8      | Noticed Erica
  7086 | Temple   | Entered the Ecumenical Temple
  7127 | Temple   | Became a worshipper of Vehumet
  7163 | D:7      | Noticed georgeearnest's ghost (novice HOGl)
  7173 | D:7      | Killed georgeearnest's ghost
  7173 | D:7      | Reached skill level 5 in Spellcasting
  7650 | D:7      | Found Visicuh's Distillery.
  7663 | D:7      | Found a shimmering altar of Xom.
  7670 | D:7      | Bought a potion of mutation for 30 gold pieces
  7673 | D:7      | Gained mutation: Your flesh is cold resistant. [potion of mutation]
  7673 | D:7      | Gained mutation: You are partially covered in icy blue scales (AC +1). [potion of mutation]
  7673 | D:7      | Gained mutation: You have a beak for a mouth. [potion of mutation]
  7691 | D:7      | Found a shimmering altar of Xom.
  7704 | D:7      | Learned a level 5 spell: Fireball
  7715 | D:7      | Found a white marble altar of Elyvilon.
  7937 | D:7      | Found a shimmering altar of Xom.
  7937 | D:7      | Found a shimmering altar of Xom.
  7939 | D:7      | Found a shimmering altar of Xom.
  7939 | D:7      | Found a shimmering altar of Xom.
  7950 | D:7      | Found a shimmering altar of Xom.
  7950 | D:7      | Found a shimmering altar of Xom.
  8253 | D:8      | Reached XP level 10. HP: 55/64 MP: 14/18
  8274 | D:7      | Reached * piety under Vehumet
  8274 | D:7      | Offered knowledge of Sting by Vehumet.
  8281 | D:7      | Learned a level 1 spell: Sting
  8400 | D:7      | Reached skill level 5 in Conjurations
  8761 | D:8      | HP: 3/64 [something (4)]
  8771 | D:8      | HP: 3/64 [poisoned by Erica (bolt of poison)]
  8777 | D:8      | HP: 2/64 [poisoned by Erica (bolt of poison)]
  8781 | D:8      | Killed from afar by Erica

Skill      XL: |  1  2  3  4  5  6  7  8  9 10 |
---------------+-------------------------------+-----
Fire Magic     | 4 5 7 8 |  8.4
Fighting       | 1 2 3 4 |  4.2
Dodging        | 3 4 5 7 8 |  8.0
Spellcasting   | 3 4 5 |  5.6
Conjurations   | 2 3 4 5 |  5.1
Stealth        | |  2.6

Action                   |  1- 3 |  4- 6 |  7- 9 | 10-12 || total
-------------------------+-------+-------+-------+-------++-------
Melee: Unarmed           |    58 |    99 |    94 |       ||   251
       Constrict         |    17 |    29 |    39 |     2 ||    87
       Tentacles         |    14 |    20 |    61 |     1 ||    96
       Kick              |       |     7 |    23 |       ||    30
       Dagger            |       |       |   131 |     7 ||   138
       Peck              |       |       |     6 |     1 ||     7
 Cast: Flame Tongue      |    31 |    53 |    98 |    30 ||   212
       Conjure Flame     |     2 |     2 |     3 |       ||     7
       Throw Flame       |     2 |       |    14 |       ||    16
       Sticky Flame      |       |       |     4 |     2 ||     6
       Sting             |       |       |       |     9 ||     9
Evoke: Wand              |       |       |     2 |       ||     2
  Use: Scroll            |     2 |     3 |     6 |       ||    11
       Potion            |     1 |     1 |    10 |     3 ||    15
 Stab: Sleeping          |     7 |     4 |     5 |       ||    16
       Invisible         |       |       |     1 |       ||     1
       Distracted        |       |       |     1 |       ||     1
  Eat: Chunk             |     3 |     7 |    21 |       ||    31
       Fruit             |       |       |     4 |       ||     4
Armor: Skin              |     6 |     5 |    12 |     1 ||    24
Dodge: Dodged            |    45 |    58 |   219 |    41 ||   363
